 Dungeon Crawl Stone Soup version 0.23.1 (webtiles) character file.

Game seed: 0

412 Borgoz the Ducker (level 6, -11/52 HPs)
             Began as a Ghoul Monk on Mar 17, 2019.
             Was a Believer of Ashenzari.
             Mangled by an ogre
             ... wielding a +0 giant club
              (24 damage)
             ... on level 4 of the Dungeon.
             The game lasted 00:09:36 (2428 turns).

Borgoz the Ducker (Ghoul Monk)                      Turns: 2428, Time: 00:09:37

Health: -11/52     AC:  5    Str: 15    XL:     6   Next: 90%
Magic:  5/5        EV: 14    Int:  6    God:    Ashenzari [**....]
Gold:   145        SH:  0    Dex: 12    Spells: 5/5 levels left

rFire    . . .     SeeInvis .   r - +0 dagger (drain)
rCold    + . .     Gourm    .   (no shield)
rNeg     + + +     Faith    .   b - +0 robe
rPois    ∞         Spirit   .   s - +1 helmet
rElec    .         Reflect  .   (no cloak)
rCorr    .         Harm     .   m - +0 pair of gloves
MR       .....                  (no boots)
Stlth    ++........             (no amulet)
HPRegen  0.00/turn              (no ring)
MPRegen  0.09/turn              n - ring of wizardry

@: rotting
A: rotting body, claws 1, carnivore, cold resistance 1, negative energy
resistance 3, inhibited regeneration, torment resistance, unbreathing
a: Curse Item, Scrying, Renounce Religion


You were on level 4 of the Dungeon.
You worshipped Ashenzari.
Ashenzari was pleased with you.
You were not hungry.

You visited 1 branch of the dungeon, and saw 4 of its levels.

You collected 145 gold pieces.

Inventory:

Hand Weapons
 h - a +0 dagger of flaming
 r - a +0 dagger of draining (weapon)
Armour
 b - a +0 robe (worn)
 m - a +0 pair of gloves (worn)
 s - a +1 helmet (worn)
Jewellery
 n - a ring of wizardry (right hand)
Wands
 i - a wand of enslavement (7)
Scrolls
 a - a scroll of blinking {unknown}
 f - 3 scrolls of enchant armour
 j - 2 scrolls of remove curse
 k - a scroll of magic mapping {unknown}
 l - a scroll of enchant weapon {unknown}
 p - a scroll of random uselessness {unknown}
Potions
 d - 3 potions of flight
 t - a potion of resistance {unknown}
Comestibles
 c - 3 rations
 q - 3 chunks of flesh


   Skills:
 + Level 4.1 Fighting
 * Level 4.0 Short Blades
 * Level 3.0 Armour
 * Level 4.2 Dodging
 + Level 3.4 Stealth


You had 5 spell levels left.
You didn't know any spells.
Your spell library was empty.

Dungeon Overview and Level Annotations

Branches:
Dungeon (4/15)
 Temple: D:4-7

Altars:
Ashenzari
Zin


Innate Abilities, Weirdness & Mutations

Your body is rotting away.
You thrive on raw meat.
You are immune to poison.
You have sharp fingernails.
You are carnivorous and can eat meat at any time.
Your flesh is cold resistant. (rC+)
You are immune to negative energy. (rN+++)
You do not regenerate when monsters are visible.
You are immune to unholy pain and torment.
You can survive without breathing.


Message History

You hit Edmund but do no damage. You drain Edmund.
Edmund is almost dead.
You hit Edmund but do no damage. You drain Edmund.
You kill Edmund!
Your Fighting skill increases to level 4!
Your Short Blades skill increases to level 4!
Your Armour skill increases to level 3!
You hit the ogre.
The ogre is moderately wounded.
You hear the slow hiss of a distant avalanche of sand.
The ogre hits you with a +0 giant club!!
* * * LOW HITPOINT WARNING * * *
You hit the ogre.
The ogre is moderately wounded.
You hit the ogre. You drain the ogre.
The ogre is severely wounded.
The ogre barely misses you.
You feel better.
The ogre hits you with a +0 giant club!!
You die...

* #...###.#
#...###.# *
*#######.......# *
......>...##..# *
*#####.##..##..#.#
, *#.#.#........#
#.# #..........
#.# ##O.....###
#(,* #@####.##
#,*,#.## $#* * *
*#.#* . , , , ,#.
*# * , # ** *** ,
, , , , ** , * , ,
* * *


You could see an ogre.

Vanquished Creatures
  Edmund (D:4)
  An orc priest (D:3)
  An iguana (D:2)
  3 orc wizards
  2 worker ants (D:4)
  An adder (D:2)
  2 dart slugs
  3 leopard geckos
  12 orcs
  6 bats
  3 giant cockroaches
  5 goblins
  9 hobgoblins
  14 jackals
  A quokka (D:3)
  2 frilled lizards
  10 kobolds
  13 rats
89 creatures vanquished.

Notes
Turn   | Place    | Note
-------+----------+-------------------------------------------
     0 | D:1      | Borgoz the Ghoul Monk began the quest for the Orb.
     0 | D:1      | Reached XP level 1. HP: 19/19 MP: 0/0
   261 | D:1      | Reached XP level 2. HP: 24/26 MP: 1/1
   856 | D:1      | Reached skill level 1 in Armour
   856 | D:1      | Reached XP level 3. HP: 28/31 MP: 2/2
  1054 | D:2      | Found a shattered altar of Ashenzari.
  1106 | D:2      | Became a worshipper of Ashenzari the Shackled
  1106 | D:2      | Reached * piety under Ashenzari
  1106 | D:2      | Reached ** piety under Ashenzari
  1553 | D:2      | Reached XP level 4. HP: 19/38 MP: 3/3
  1799 | D:2      | Reached XP level 5. HP: 27/45 MP: 4/4
  2019 | D:3      | Reached XP level 6. HP: 16/52 MP: 5/5
  2064 | D:3      | Found a glowing silver altar of Zin.
  2393 | D:4      | Noticed Edmund
  2424 | D:4      | Killed Edmund
  2428 | D:4      | Mangled by an ogre

Skill      XL: |  1  2  3  4  5  6 |
---------------+-------------------+-----
Dodging        | 3 4 |  4.2
Short Blades   | 3 4 |  4.0
Armour         | 1 2 3 |  3.0
Stealth        | 3 |  3.4
Fighting       | 4 |  4.1

Action                   |  1- 3 |  4- 6 || total
-------------------------+-------+-------++-------
Melee: Short sword       |   180 |       ||   180
       Dagger            |       |   185 ||   185
  Use: Scroll            |       |     7 ||     7
       Potion            |       |     4 ||     4
 Stab: Sleeping          |     1 |     6 ||     7
  Eat: Chunk             |    12 |    25 ||    37
Armor: Robe              |    42 |    41 ||    83
Dodge: Dodged            |   112 |   124 ||   236
